 Dungeon Crawl Stone Soup version 0.25.1-2-g60ff931df9 (webtiles) character file.

Game seed: 11138792119356928271

95 Auguste the Cudgeler (level 4, -13/41 HPs)
             Began as a Minotaur Berserker on Nov 15, 2020.
             Was a Believer of Trog.
             Blown up by Ijyb (29 damage)
             ... with a disintegration bolt
             ... on level 4 of the Dungeon.
             The game lasted 00:17:21 (2383 turns).

Auguste the Cudgeler (Minotaur Berserker)           Turns: 2383, Time: 00:17:21

Health: -13/41     AC:  5    Str: 24    XL:     4   Next: 40%
Magic:  3/3        EV: 12    Int:  4    God:    Trog [**....]
Gold:   117        SH:  0    Dex: 10    Spells: 3/3 levels left

rFire    . . .     SeeInvis +   a - +2 mace
rCold    . . .     Gourm    .   (no shield)
rNeg     . . .     Faith    .   i - +0 ring mail
rPois    .         Spirit   .   (helmet restricted)
rElec    .         Reflect  .   (no cloak)
rCorr    .         Harm     .   (no gloves)
MR       .....                  (no boots)
Stlth    +.........             (no amulet)
HPRegen  0.13/turn              (no ring)
MPRegen  0.08/turn              (no ring)

@: no status effects
A: retaliatory headbutt, horns 2, see invisible, strong 1
a: Berserk, Trog's Hand, Renounce Religion


You were on level 4 of the Dungeon.
You worshipped Trog.
Trog was pleased with you.
You were not hungry.

You visited 1 branch of the dungeon, and saw 4 of its levels.

You collected 117 gold pieces.

Inventory:

Hand Weapons
 a - a +2 mace (weapon)
 d - a +0 spear
 e - a +0 dagger
 g - a +0 dagger
 h - a +0 dagger
 j - a +0 club
 k - a +0 club
 t - a +0 war axe
Missiles
 f - 34 arrows
 m - 41 sling bullets
 q - 3 boomerangs
 x - 5 javelins (quivered)
Armour
 b - a +0 animal skin
 c - a +0 scale mail
 i - a +0 ring mail (worn)
 l - a +0 robe
 n - a +0 leather armour
 o - a +0 leather armour
Scrolls
 p - a scroll of teleportation {unknown}
 v - a scroll of identify {unknown}
Potions
 r - a potion of might {unknown}
 s - a potion of flight {unknown}
 w - 2 potions of curing {unknown}


   Skills:
 + Level 4.6 Fighting
 + Level 5.0 Maces & Flails
 + Level 2.6 Armour
 + Level 2.9 Dodging
 + Level 0.3 Stealth


You had 3 spell levels left.
You didn't know any spells.
Your spell library was empty.

Dungeon Overview and Level Annotations

Branches:
Dungeon (4/15)
 Temple: D:4-7

Altars:
The Shining One

Annotations:
D:2 1 exclusion
D:4 Ijyb


Innate Abilities, Weirdness & Mutations

You reflexively headbutt those who attack you in melee.
You have a pair of horns on your head.
You have supernaturally acute eyesight. (SInv)
Your muscles are strong. (Str +2)


Message History

There is an escape hatch in the floor here.
There is an escape hatch in the floor here.
You slide downwards.
The hatch slams shut behind you.
Found 16 arrows.
Found a robe.
f - 34 arrows (gained 16)
Found 16 gold pieces.
You now have 101 gold pieces (gained 12).
p - a scroll labeled YGGELA BORUGU You now have 117 gold pieces (gained 16).
You open the door.
There is an open door here.
Ijyb the Twisted Goblin comes into view.
She is carrying a wand of disintegration (11).
Ijyb shouts!
Ijyb zaps a wand.
You are blasted!
Ouch! That really hurt!
You eat the ration.
That ration really hit the spot!
Ijyb zaps a wand.
You are blasted!
Ouch! That really hurt!
You die...

#...#
############...#### ##
#.................. #..
#.#######........##
##..##.#######........#
.............'........#
.......####.##........##
........................
.......@###.##.#........
........# #.##.#..######
##..##..# #..#.#..# ...
.g... .....#..#
#...##..##...#.#..######
... #..# #..#..........
.. #..# .............. .
.... ............## #..#
#..#..........


You could see Ijyb.

Vanquished Creatures
  2 adders (D:3)
  A worm (D:3)
  2 dart slugs (D:1)
  A leopard gecko (D:2)
  5 orcs (D:3)
  4 giant cockroaches (D:3)
  6 goblins
  10 hobgoblins
  7 jackals (D:1)
  A quokka (D:2)
  2 ball pythons
  6 bats (D:1)
  4 frilled lizards
  3 kobolds
  3 rats
57 creatures vanquished.

Notes
Turn   | Place    | Note
-------+----------+-------------------------------------------
     0 | D:1      | Auguste the Minotaur Berserker began the quest for the Orb.
     0 | D:1      | Reached XP level 1. HP: 19/19 MP: 0/0
   164 | D:1      | Reached XP level 2. HP: 27/27 MP: 1/1
   220 | D:1      | Found a glowing golden altar of the Shining One.
   235 | D:1      | Reached skill level 4 in Maces & Flails
   532 | D:1      | Reached ** piety under Trog
   611 | D:1      | Reached XP level 3. HP: 34/34 MP: 2/2
  1596 | D:3      | Reached XP level 4. HP: 41/41 MP: 3/3
  1680 | D:3      | Gained mutation: Your muscles are strong. (Str +2) [potion
                  | of mutation]
  1680 | D:3      | Gained mutation: You have supernaturally acute eyesight.
                  | (SInv) [potion of mutation]
  2108 | D:3      | Reached skill level 5 in Maces & Flails
  2381 | D:4      | Noticed Ijyb
  2383 | D:4      | Blown up by Ijyb

Illustrated notes

Levels and vault maps discovered:
D:1:      onia_arrival_pyramid, layout_loops_ring, serial_forest,
          infiniplex_forest_straight_1, infiniplex_forest_clump_cross,
          infiniplex_forest_fountain, infiniplex_forest_lined_3_way,
          infiniplex_forest_end_1, infiniplex_forest_clump_tiny,
          infiniplex_forest_pool, infiniplex_forest_straight_4,
          infiniplex_forest_lined_corner, tso_metal_star
D:2:      layout_rooms, grunt_dithmenos_smoke, kennysheep_generic_room_13
D:3:      layout_loops_ring, minmay_misc_feat_tower, dk_noncrumbling_4
D:4:      layout_basic, minmay_temple_entry_tees, first_ration, uniq_ijyb,
          uniq_menkaure, uniq_sigmund, uniq_eustachio

Skill      XL: |  1  2  3  4 |
---------------+-------------+-----
Maces & Flails | 4 5 |  5.0
Fighting       | 4 |  4.6
Armour         | |  2.6
Dodging        | |  2.9
Stealth        | |  0.3

Action                   |  1- 3 |  4- 6 || total
-------------------------+-------+-------++-------
Melee: Mace              |    99 |    22 ||   121
       Headbutt          |     6 |     3 ||     9
Throw: Boomerang         |       |     4 ||     4
Invok: Berserk           |     4 |     1 ||     5
       Trog's Hand       |       |     1 ||     1
  Use: Scroll            |     2 |     1 ||     3
       Potion            |     2 |     1 ||     3
 Stab: Sleeping          |     1 |       ||     1
  Eat: Chunk             |     3 |       ||     3
       Ration            |     2 |     1 ||     3
Armor: Animal skin       |    19 |       ||    19
       Ring mail         |       |     5 ||     5
Dodge: Dodged            |    86 |     9 ||    95
